mdma, chaotic male human Rogue ---- --...- |..... -..... |.....--- -...f@| | ---a-#- |.)[##- ---(..- -....| ...-#- .....| .....- ...... -...... --..|..| ------ mdma the Rogue Experience level: 6 Strength: 12 Dexterity: 18 Constitution: 13 Intelligence: 15 Wisdom: 12 Charisma: 11 Health: 0(48) Energy: 22(22) Def: 5 Gold: 1132 Moves: 3346 Dungeon seed: mGT6rdlpN5PyAqcm Game ID: mdma_1529511615 Your Inventory: Coins $ - 1132 gold pieces Weapons a - a +0 short sword (weapon in hand) b - 5 +0 daggers u - a +0 elven dagger x - 9 +0 darts C - a +0 orcish dagger D - 8 +1 darts I - 10 +0 daggers (in quiver) S - 7 cursed +0 daggers T - a cursed -1 elven dagger Armor e - an uncursed +1 leather armor (being worn) N - an uncursed +0 pair of iron shoes (being worn) Comestibles m - 3 uncursed food rations J - an uncursed candy bar R - an uncursed tin of sewer rat meat Scrolls j - a blessed scroll of earth p - an uncursed scroll of teleportation K - 3 uncursed scrolls of blank paper M - a cursed scroll of identify O - a cursed scroll of create monster Potions c - 3 uncursed potions of sickness i - an uncursed potion of speed t - an uncursed potion of sleeping w - an uncursed potion of monster detection A - an uncursed potion of gain ability B - an uncursed potion of confusion P - a cursed potion of gain ability Q - a cursed potion of booze Rings k - an uncursed ring of stealth o - an uncursed +1 ring of increase accuracy F - an uncursed ring of fire resistance L - an uncursed ring of free action Wands l - a wand of sleep (0:7) Tools d - an uncursed lock pick f - an uncursed sack g - an uncursed blindfold v - an uncursed lock pick z - 8 uncursed wax candles (0:400) H - an uncursed tallow candle (0:200) Gems n - an uncursed worthless piece of green glass q - 2 uncursed worthless pieces of violet glass r - an uncursed worthless piece of white glass y - 2 uncursed worthless pieces of red glass U - an uncursed worthless piece of black glass Y - 3 uncursed worthless pieces of orange glass Spells and supernatural/magical abilities: Name Level Category Fail Memory W - pray for help -- divine ? -- Your skills at the end: Fighting Skills Weapon Skills dagger [Skilled] short sword [Basic] Spellcasting Skills Final Attributes: You were piously aligned. You were stealthy. You are dead. Vanquished creatures: a ghost a leprechaun 2 gnome kings a housecat a dwarf lord a bugbear 2 shriekers 3 gnome lords a kobold mummy a guardian naga hatchling a straw golem a paper golem a giant ant a little dog a floating eye 5 dwarves 2 kobold shamans a centipede a werejackal 3 iguanas a coyote 2 hobbits 3 hobgoblins a red mold 13 gnomes 3 garter snakes 2 geckos 3 jackals a fox 4 goblins a sewer rat 4 grid bugs 4 lichens a kobold zombie 4 newts 78 creatures vanquished. Voluntary challenges: You were an atheist. You used a wielded weapon 53 times, starting on turn 23. You read items or engraved 3 times, starting on turn 356. You never genocided any monsters. You never polymorphed an object. You never changed form. You used no wishes. You never split a pudding. You wrote Elbereth's name 2 times, starting on turn 356. You never violated your personal moral code. Dungeon overview: The Dungeons of Doom: levels 1 to 5 Level 1 a long staircase Level 2 Level 3 Level 4 stairs to The Gnomish Mines Level 5 some fountains, a throne The Gnomish Mines: levels 5 to 6 Level 5 stairs to The Dungeons of Doom Level 6 <- You were here History has recorded: On T:1 you entered the Dungeons of Doom to retrieve the Amulet of Yendor! On T:264 you reached level 2 of The Dungeons of Doom. On T:346 you reached level 3 of The Dungeons of Doom. On T:390 you advanced to experience level 2. On T:959 you reached level 4 of The Dungeons of Doom. On T:1168 you advanced to experience level 3. On T:1191 you reached level 5 of The Dungeons of Doom. On T:1609 you advanced to experience level 4. On T:1852 you reached level 1 of The Gnomish Mines. On T:2073 you advanced to experience level 5. On T:2487 you reached level 2 of The Gnomish Mines. On T:2648 you advanced to experience level 6. Score breakdown: Gold: 1132 (10389 points) Experience: 6 levels (12456 points) Exploration: 6 levels ( 12.00%) ( 9583 points) Discoveries: 3 items ( 1.01%) ( 3010 points) Valuables value: (no points given unless you survive) Artifact value: 0 ( 0 points) Variety of kills: 35 monsters ( 9.19%) ( 9092 points) Turncount: 3346 turns ( -761 points) Survival: died (score multiplied by 80%) Total score: 35015 Latest messages: There are a few objects here. (2x) There is a long staircase up here. You see here an arrow. There is a staircase down here. You see here a blindfold. You finish waiting. The housecat picks up a mummy wrapping. The housecat drops a mummy wrapping. You finish waiting. The housecat picks up a thonged club. The housecat drops a thonged club. There is a staircase down here. You see here a blindfold. You fall down the stairs. The housecat misses the soldier ant. The soldier ant bites! The soldier ant just misses! You hit the soldier ant. The housecat misses the soldier ant. The soldier ant bites! The soldier ant stings! The soldier ant bites! The soldier ant stings! The soldier ant's sting was poisoned! You die... Final status: Goodbye mdma the Rogue, killed by a soldier ant... You died in The Gnomish Mines on dungeon level 6 with 35015 points, and 1132 pieces of gold, after 3346 moves. You were level 6 with a maximum of 48 hit points when you died.